 Dungeon Crawl Stone Soup version 0.31-a0-1412-g7b7c7d10e1 (webtiles) character file.

Game seed: 5734528671676232022

21146 IndexError the Fighter (level 13, 0/105 HPs)
             Began as a Djinni Conjurer on Nov 28, 2023.
             Was a Priest of Makhleb.
             Shot with an arrow by a centaur warrior (11 damage)
             ... on level 14 of the Dungeon on Dec 26, 2023.
             The game lasted 00:31:17 (15311 turns).

IndexError the Fighter (Djinni Conjurer)           Turns: 15311, Time: 00:31:18

Health: 0/105      AC: 13    Str: 10    XL:     13   Next: 17%
Gold:   812        EV: 11    Int: 25    God:    Makhleb [***...] SH:  0 Dex: 12

rFire   + + .        z - +2 dagger (speed)
rCold   x . .        (no shield)
rNeg    . . .        K - +0 acid dragon scales
rPois   ∞            m - +0 helmet
rElec   +            C - +1 cloak {rPois}
rCorr   +            G - +0 pair of gloves
SInv    .            (boots unavailable)
Will    +....        (no amulet) Stlth
                     M - ring of Cuxupri {Fly rElec rPois Str+4 Stlth-}
HPRegen 0.37/turn    (no ring)
MPRegen 0.00/turn

%: infuse magic (-1 HP)
@: flying
A: sickness immunity, fire resistance 2, cold vulnerability 1, float, innate
caster, HP casting, extra vitality 1
a: Renounce Religion, Minor Destruction, Lesser Servant of Makhleb


You were on level 14 of the Dungeon.
You worshipped Makhleb.
Makhleb was most pleased with you.
You visited 2 branches of the dungeon, and saw 14 of its levels.

You collected 812 gold pieces.

Inventory:

Hand Weapons
 h - a +2 falchion of holy wrath
   (You found it on level 1 of the Dungeon)
 z - a +2 dagger of speed (weapon)
   (You found it on level 5 of the Dungeon)
Missiles
 y - 11 javelins
 J - 3 curare-tipped darts
Armour
 m - a +0 helmet (worn)
   (You found it on level 3 of the Dungeon)
 C - a +1 cloak of poison resistance (worn)
   (You took it off Maurice on level 7 of the Dungeon)
 F - +0 swamp dragon scales
   (You found it on level 7 of the Dungeon)
 G - a +0 pair of gloves (worn)
   (You found it on level 8 of the Dungeon)
 I - a scarf of invisibility
   (You found it on level 9 of the Dungeon)
 K - +0 acid dragon scales (worn)
   (You took it off Maggie on level 6 of the Dungeon)
 O - a +1 hat
   (You found it on level 11 of the Dungeon)
Jewellery
 M - the ring of Cuxupri (left hand) {Fly rElec rPois Str+4 Stlth-}
   (You took it off a gnoll on level 9 of the Dungeon)

   [ring of flight]

   Str+4:     It affects your strength (+4).
   rElec:     It insulates you from electricity.
   rPois:     It protects you from poison Fly: It grants you flight.
   Stlth-:    It makes you less stealthy.
 P - a ring of see invisible {sInv, !d}
   (You found it on level 14 of the Dungeon)
Wands
 o - a wand of acid (14)
   (You found it on level 4 of the Dungeon)
 A - a wand of digging (3)
   (You found it on level 6 of the Dungeon)
 D - a wand of paralysis (8)
   (You took it off Maurice on level 7 of the Dungeon)
 E - a wand of iceblast (11)
   (You found it on level 7 of the Dungeon)
 H - a wand of polymorph (7)
   (You found it on level 8 of the Dungeon)
Scrolls
 c - 16 scrolls of identify {unknown}
 f - a scroll of vulnerability {unknown}
 g - 6 scrolls of teleportation {unknown}
 i - 4 scrolls of enchant armour {unknown}
 q - 3 scrolls of enchant weapon {unknown}
 r - 2 scrolls of blinking {unknown}
 s - 2 scrolls of fog {unknown}
 t - 3 scrolls of amnesia {unknown}
 v - a scroll of brand weapon {unknown}
 x - a scroll of revelation {unknown}
 B - 2 scrolls of immolation {unknown}
 L - a scroll of noise {unknown}
Potions
 a - a potion of magic {unknown}
 b - 3 potions of attraction {unknown}
 d - 3 potions of brilliance {unknown}
 e - 9 potions of curing {unknown}
 j - 2 potions of mutation {unknown}
 k - a potion of haste {unknown}
 l - 2 potions of degeneration {unknown}
 n - 2 potions of heal wounds {unknown}
 p - a potion of lignification {unknown}
 u - a potion of ambrosia {unknown}
 w - 4 potions of might {unknown}
Miscellaneous
 N - a condenser vane (inert)
   (You found it on level 11 of the Dungeon)


   Skills:
 - Level 14.0 Fighting
 * Level 7.4 Armour
 - Level 2.1 Dodging
 - Level 1.5 Stealth
 * Level 9.8 Spellcasting
 * Level 9.8 Conjurations
 * Level 9.8 Hexes
   Level 0.0 Charms
 * Level 9.8 Summonings
 * Level 9.8 Necromancy
 * Level 9.8 Translocations
   Level 0.0 Transmutations
 * Level 9.8 Fire Magic
 * Level 9.8 Ice Magic
 * Level 9.8 Air Magic
 * Level 9.8 Earth Magic
 * Level 11.7 Alchemy
 * Level 7.4 Evocations


You knew the following spells:

 Your Spells              Type           Power      Damage    Failure   Level
a - Magic Dart            Conj           100%       1d8       1%          1
b - Searing Ray           Conj           100%       2d8       1%          2
c - Dazzling Flash        Conj/Hex       100%       N/A       1%          3
d - Fulminant Prism       Conj/Alch      30%        3d16      1%          4
e - Necrotise             Necr           100%       1d9       1%          1
f - Mercury Vapours       Alch/Air       100%       N/A       1%          2
g - Vampiric Draining     Necr           57%        2d10      1%          3
h - Anguish               Hex/Necr       28%        N/A       1%          4
i - Metabolic Englaciati  Hex/Ice        28%        N/A       3%          5
j - Freezing Cloud        Conj/Ice/Air   28%        6-21      3%          5
x - Iskenderun's Mystic   Conj/Tloc      57%        2d12      1%          4
Your spell library was empty.

Dungeon Overview and Level Annotations

Branches:
Dungeon (14/15)            Temple (1/1) D:5             Orc (0/2) D:9
   Lair: D:8-11      Vaults: D:13-14

Altars:
Ashenzari
Cheibriados
Dithmenos
Elyvilon
Fedhas
Gozag
Hepliaklqana
Makhleb
Nemelex Xobeh
Okawaru
Qazlal
Ru
Trog
Uskayaw
Wu Jian
Xom
Yredelemnul
Zin
The Shining One
Lugonu

Shops:
D:2 *

Annotations:
D:4 2 runed translucent doors, Pascal76's ghost, amateur MiFi
D:5 1 runed translucent door, kskgo's ghost, novice DjFE


Innate Abilities, Weirdness & Mutations

You are immune to sickness and miasma.
You are immune to poison.
Your flesh is very heat resistant. (rF++)
You are vulnerable to cold. (rC-)
You float through the air rather than walking.
You learn spells naturally, not from books.
Your magical power is your life essence.
You have superior vitality. (+4 MHP)


Message History

You hear a shout!
The skeletal warrior barely misses you.
You hear a shout!
You take 3 damage, and have 55/100 hp.
Casting: Iskenderun's Mystic Blast (mildly dangerous; 1% risk of failure)
Confirm with . or Enter, or press ? or * to list all spells.
You erupt in a blast of force!
The mystic blast hits something!
Something collides with the basilisk!
The mystic blast hits the skeletal warrior.
The skeletal warrior is knocked back by the mystic blast.
The skeletal warrior collides with something!
A centaur warrior comes into view.
You take 4 damage, and have 51/100 hp.
Casting: Iskenderun's Mystic Blast (mildly dangerous; 1% risk of failure)
Confirm with . or Enter, or press ? or * to list all spells.
You erupt in a blast of force!
The mystic blast hits something!
Something collides with the basilisk!
The mystic blast hits the skeletal warrior but does no damage.
You hear a shout!
The skeletal warrior hits you but does no damage.
You take 4 damage, and have 47/100 hp.
Casting: Iskenderun's Mystic Blast (mildly dangerous; 1% risk of failure)
Confirm with . or Enter, or press ? or * to list all spells.
You erupt in a blast of force!
The mystic blast hits something!
Makhleb accepts your kill.
Reactivating autopickup.
You feel a bit more experienced.
The mystic blast hits the skeletal warrior but does no damage.
The skeletal warrior hits you with a +3 short sword!
* * * LOW HITPOINT WARNING * * *
You have reached level 13!
The power to cast Freezing Cloud wells up from within.
Spell assigned to 'j'.
You take 16 damage, and have 31/105 hp.
Casting: Iskenderun's Mystic Blast (mildly dangerous; 1% risk of failure)
Confirm with . or Enter, or press ? or * to list all spells.
You erupt in a blast of force!
The mystic blast hits the ogre!
The ogre is knocked back by the mystic blast.
The ogre collides with the two-headed ogre!
The mystic blast hits the skeletal warrior!
The skeletal warrior is knocked back by the mystic blast.
The skeletal warrior collides with the ogre!
Makhleb accepts your kill.
* * * LOW HITPOINT WARNING * * *
You take 4 damage, and have 27/105 hp.
Casting: Iskenderun's Mystic Blast (mildly dangerous; 1% risk of failure)
Confirm with . or Enter, or press ? or * to list all spells.
You erupt in a blast of force!
The mystic blast hits the two-headed ogre!
The two-headed ogre is knocked back by the mystic blast.
The two-headed ogre collides with the ogre!
The mystic blast hits the skeletal warrior.
The skeletal warrior is knocked back by the mystic blast.
The skeletal warrior collides with the two-headed ogre!
Makhleb accepts your kill.
* * * LOW HITPOINT WARNING * * *
Your Armour skill increases to level 7!
Your Evocations skill increases to level 7!
You take 3 damage, and have 24/105 hp.
Casting: Iskenderun's Mystic Blast (mildly dangerous; 1% risk of failure)
Confirm with . or Enter, or press ? or * to list all spells.
You erupt in a blast of force!
The mystic blast hits the two-headed ogre!
The two-headed ogre is knocked back by the mystic blast.
The two-headed ogre collides with the ogre!
The mystic blast hits the two-headed ogre!
The two-headed ogre is knocked back by the mystic blast.
The two-headed ogre collides with the two-headed ogre!
* * * LOW HITPOINT WARNING * * *
You take 4 damage, and have 20/105 hp.
Casting: Iskenderun's Mystic Blast (mildly dangerous; 1% risk of failure)
Confirm with . or Enter, or press ? or * to list all spells.
You erupt in a blast of force!
The mystic blast hits the two-headed ogre!
The mystic blast hits the two-headed ogre.
The two-headed ogre is knocked back by the mystic blast.
The two-headed ogre collides with the two-headed ogre!
Makhleb accepts your kill.
You feel better.
* * * LOW HITPOINT WARNING * * *
You regained 4 hp, and now have 24/105 hp.
Press: ? - help, v - describe, . - travel The floor.
Casting: Iskenderun's Mystic Blast (mildly dangerous; 1% risk of failure)
Confirm with . or Enter, or press ? or * to list all spells.
You erupt in a blast of force!
The mystic blast hits the two-headed ogre!
Makhleb accepts your kill.
* * * LOW HITPOINT WARNING * * *
A centaur comes into view. x2
The centaur warrior wields a +0 shortbow.
The centaur warrior shoots an arrow.
The arrow hits you!
* * * LOW HITPOINT WARNING * * *
You take 13 damage, and have 11/105 hp.
Okay, then.
Aiming: Paralyse
Press: ? - help, Shift-Dir - straight line, f - centaur warrior
Aim: a centaur warrior, wielding a +0 shortbow (chance to affect: 49%)
The centaur warrior resists with some effort.
The centaur warrior shoots an arrow.
The arrow hits you!
You die...

#.........#
#.......###.'
#.........#
#.......#.).#
#.........#
#.......#.###
#.........#
####.......'.#
# #.........#
##..'.......###
# #.........#
#..##..>....# #
#.........#
#.###.......# #
#.........###[#
#.......# #
#........Oc)@.#
#.......# #
#.....c..l#####
#...^...# #
#.....c...#
######### #
##...###### #
###.# .z. ....


You could see a centaur warrior, a basilisk, an ogre and 2 centaurs.

Vanquished Creatures
  A boulder beetle (D:14)
  2 centaur warriors
  An ogre mage (D:14)
  6 two-headed ogres
  Urug (D:10)
  2 skeletal warriors (D:14)
  A harpy (shapeshifter) (D:14)
  Maurice (D:7)
  4 cyclopes
  A manticore (D:13)
  A gargoyle (D:11)
  Maggie (D:6)
  2 komodo dragons
  2 trolls
  A tengu conjurer (D:14)
  A troll (shapeshifter) (D:14)
  A hornet (D:9)
  2 wraiths (D:11)
  Sigmund (D:3)
  28 yaks
  Eustachio (D:6)
  3 steam dragons
  A water moccasin (D:8)
  2 orc warriors
  3 black bears
  2 ice beasts (D:7)
  3 ogres
  A sky beast (D:7)
  A phantom (D:4)
  7 centaurs
  5 kobold brigands
  3 bullfrogs
  2 gnoll sergeants (D:9)
  2 scorpions
  4 killer bees (D:9)
  6 howler monkeys
  2 orc priests
  2 hounds
  2 jellies (D:5)
  2 gnoll boudas
  5 iguanas
  Jessica (D:3)
  7 orc wizards
  Terence (D:3)
  3 sleepcaps
  7 adders
  13 gnolls
  A shadow imp (D:7)
  2 ufetubi (D:7)
  A worm (D:3)
  3 dart slugs
  24 orcs
  4 endoplasms
  3 giant cockroaches
  9 goblins
  5 hobgoblins
  8 jackals
  4 quokkas
  8 ball pythons
  5 bats
  3 frilled lizards
  10 kobolds
  7 rats
  A fulminant prism (D:11)
249 creatures vanquished.

Vanquished Creatures (others)
  60 fulminant prisms
60 creatures vanquished.

Grand Total: 309 creatures vanquished

Notes
Turn   | Place    | Note
-------+----------+-------------------------------------------
     0 | D:1      | IndexError the Djinni Conjurer began the quest for the Orb.
     0 | D:1      | IndexError set off with the following spells memorised:
                  | Magic Dart, Searing Ray, Dazzling Flash, Fulminant Prism,
                  | Iskenderun's Mystic Blast.
     0 | D:1      | Reached XP level 1. HP: 15/15 MP: 0/0
   155 | D:1      | Reached skill level 1 in Fighting
   155 | D:1      | Reached XP level 2. HP: 20/22 MP: 0/0
   708 | D:1      | Reached XP level 3. HP: 26/28 MP: 0/0
   708 | D:1      | Learned a level 1 spell: Necrotise
   897 | D:2      | Found Cetudeth's Assorted Antiques.
   941 | D:2      | Reached skill level 2 in Fighting
  1016 | D:2      | Found a faded altar of an unknown god.
  1405 | D:3      | Noticed Terence
  1414 | D:3      | Killed Terence
  1415 | D:3      | Reached skill level 3 in Fighting
  1415 | D:3      | Reached XP level 4. HP: 16/35 MP: 0/0
  1802 | D:3      | Reached XP level 5. HP: 35/40 MP: 0/0
  1802 | D:3      | Learned a level 2 spell: Mercury Vapours
  1863 | D:3      | Noticed Sigmund
  1869 | D:3      | Killed Sigmund
  1870 | D:3      | Reached skill level 4 in Fighting
  1870 | D:3      | Reached skill level 4 in Spellcasting
  1870 | D:3      | Reached skill level 4 in Conjurations
  1870 | D:3      | Reached skill level 4 in Hexes
  1870 | D:3      | Reached skill level 4 in Summonings
  1870 | D:3      | Reached skill level 4 in Necromancy
  1870 | D:3      | Reached skill level 4 in Translocations
  1870 | D:3      | Reached skill level 4 in Transmutations
  1870 | D:3      | Reached skill level 4 in Fire Magic
  1870 | D:3      | Reached skill level 4 in Ice Magic
  1870 | D:3      | Reached skill level 4 in Air Magic
  1870 | D:3      | Reached skill level 4 in Earth Magic
  1870 | D:3      | Reached skill level 4 in Alchemy
  1870 | D:3      | Reached XP level 6. HP: 41/49 MP: 0/0
  1988 | D:3      | Reached skill level 5 in Fighting
  2123 | D:3      | Noticed Jessica
  2128 | D:3      | Killed Jessica
  2435 | D:3      | Reached XP level 7. HP: 49/54 MP: 0/0
  2435 | D:3      | Learned a level 3 spell: Vampiric Draining
  2812 | D:4      | Reached skill level 6 in Fighting
  2844 | D:4      | Found a basalt altar of Yredelemnul.
  3476 | D:4      | Found a large runed translucent door.
  3476 | D:4      | Found a large runed translucent door.
  3482 | D:4      | Noticed Pascal76's ghost (amateur MiFi)
  3597 | D:5      | Entered Level 5 of the Dungeon
  3597 | D:5      | Noticed a two-headed ogre
  3607 | D:5      | Killed a two-headed ogre
  3608 | D:5      | Reached skill level 8 in Fighting
  3608 | D:5      | Reached skill level 5 in Spellcasting
  3608 | D:5      | Reached skill level 5 in Conjurations
  3608 | D:5      | Reached skill level 5 in Hexes
  3608 | D:5      | Reached skill level 5 in Summonings
  3608 | D:5      | Reached skill level 5 in Necromancy
  3608 | D:5      | Reached skill level 5 in Translocations
  3608 | D:5      | Reached skill level 5 in Transmutations
  3608 | D:5      | Reached skill level 5 in Fire Magic
  3608 | D:5      | Reached skill level 5 in Ice Magic
  3608 | D:5      | Reached skill level 5 in Air Magic
  3608 | D:5      | Reached skill level 5 in Earth Magic
  3608 | D:5      | Reached skill level 5 in Alchemy
  3608 | D:5      | Reached XP level 8. HP: 47/65 MP: 0/0
  3633 | D:4      | HP: 14/65 [phantom (4)]
  4068 | D:5      | Found a runed translucent door.
  4191 | D:5      | Reached XP level 9. HP: 62/71 MP: 0/0
  4191 | D:5      | Learned a level 4 spell: Anguish
  4197 | D:5      | Reached skill level 9 in Fighting
  4361 | D:5      | Found a hide-covered altar of Uskayaw.
  4379 | D:5      | Found a staircase to the Ecumenical Temple.
  4409 | Temple   | Entered the Ecumenical Temple
  4417 | Temple   | Became a worshipper of Makhleb the Destroyer
  4473 | D:5      | Noticed kskgo's ghost (novice DjFE)
  5560 | D:6      | HP: 16/73 [centaur/arrow (5)]
  5964 | D:6      | Reached skill level 10 in Fighting
  6019 | D:6      | Noticed Eustachio
  6026 | D:6      | Killed Eustachio
  6379 | D:6      | Noticed Maggie
  6402 | D:6      | Killed Maggie
  7020 | D:7      | Reached skill level 6 in Spellcasting
  7020 | D:7      | Reached skill level 6 in Conjurations
  7020 | D:7      | Reached skill level 6 in Hexes
  7020 | D:7      | Reached skill level 6 in Summonings
  7020 | D:7      | Reached skill level 6 in Necromancy
  7020 | D:7      | Reached skill level 6 in Translocations
  7020 | D:7      | Reached skill level 6 in Transmutations
  7020 | D:7      | Reached skill level 6 in Fire Magic
  7020 | D:7      | Reached skill level 6 in Ice Magic
  7020 | D:7      | Reached skill level 6 in Air Magic
  7020 | D:7      | Reached skill level 6 in Earth Magic
  7020 | D:7      | Reached skill level 6 in Alchemy
  7222 | D:7      | Found a broken altar of Ashenzari.
  7237 | D:7      | Reached skill level 11 in Fighting
  7237 | D:7      | Reached XP level 10. HP: 57/82 MP: 0/0
  7475 | D:7      | Noticed Maurice
  7477 | D:7      | Paralysed by Maurice for 4 turns
  7489 | D:7      | Killed Maurice
  8231 | D:7      | Reached skill level 9 in Alchemy
  8231 | D:7      | Upgraded the game from 0.31-a0-1084-gb392501acf to
                  | 0.31-a0-1412-g7b7c7d10e1
  8257 | D:8      | Reached skill level 12 in Fighting
  8496 | D:8      | Reached * piety under Makhleb
  8848 | D:8      | Reached skill level 7 in Spellcasting
  8848 | D:8      | Reached skill level 7 in Conjurations
  8848 | D:8      | Reached skill level 7 in Hexes
  8848 | D:8      | Reached skill level 7 in Summonings
  8848 | D:8      | Reached skill level 7 in Necromancy
  8848 | D:8      | Reached skill level 7 in Translocations
  8848 | D:8      | Reached skill level 7 in Fire Magic
  8848 | D:8      | Reached skill level 7 in Ice Magic
  8848 | D:8      | Reached skill level 7 in Air Magic
  8848 | D:8      | Reached skill level 7 in Earth Magic
  9154 | D:9      | Noticed a two-headed ogre
  9652 | D:9      | Reached skill level 13 in Fighting
  9652 | D:9      | Reached skill level 10 in Alchemy
  9652 | D:9      | Reached XP level 11. HP: 65/92 MP: 0/0
  9652 | D:9      | Learned a level 5 spell: Metabolic Englaciation
  9653 | D:9      | Reached ** piety under Makhleb
  9662 | D:9      | Reached skill level 8 in Spellcasting
  9662 | D:9      | Reached skill level 8 in Conjurations
  9662 | D:9      | Reached skill level 8 in Hexes
  9662 | D:9      | Reached skill level 8 in Summonings
  9662 | D:9      | Reached skill level 8 in Necromancy
  9662 | D:9      | Reached skill level 8 in Translocations
  9662 | D:9      | Reached skill level 8 in Fire Magic
  9662 | D:9      | Reached skill level 8 in Ice Magic
  9662 | D:9      | Reached skill level 8 in Air Magic
  9662 | D:9      | Reached skill level 8 in Earth Magic
  9983 | D:9      | Killed a two-headed ogre
 10721 | D:9      | Found a staircase to the Orcish Mines.
 10864 | D:9      | Reached skill level 14 in Fighting
 11009 | D:9      | Identified the ring of Cuxupri {Fly rElec rPois Str+4
                  | Stlth-}
 11170 | D:10     | Entered Level 10 of the Dungeon
 11170 | D:10     | Found a glowing golden altar of the Shining One.
 11233 | D:10     | Noticed a two-headed ogre
 11242 | D:9      | Killed a two-headed ogre
 11243 | D:9      | Reached skill level 1 in Armour
 11243 | D:9      | Reached skill level 1 in Evocations
 11475 | D:10     | Noticed Urug
 11492 | D:10     | Killed Urug
 11493 | D:10     | Reached skill level 2 in Armour
 11493 | D:10     | Reached skill level 2 in Evocations
 11651 | D:10     | Reached skill level 3 in Armour
 11651 | D:10     | Reached skill level 3 in Evocations
 11651 | D:10     | Reached XP level 12. HP: 81/100 MP: 0/0
 11813 | D:10     | Reached skill level 11 in Alchemy
 11904 | D:10     | Noticed a two-headed ogre
 11910 | D:10     | Killed a two-headed ogre
 11919 | D:10     | Reached skill level 4 in Armour
 11919 | D:10     | Reached skill level 4 in Evocations
 12128 | D:10     | Found a sacrificial altar of Ru.
 12335 | D:10     | Found a glowing silver altar of Zin.
 12672 | D:10     | Found a sparkling altar of Nemelex Xobeh.
 13173 | D:11     | Reached skill level 5 in Armour
 13173 | D:11     | Reached skill level 5 in Evocations
 13174 | D:11     | Noticed a centaur warrior
 13179 | D:11     | Killed a centaur warrior
 13180 | D:11     | Reached skill level 9 in Spellcasting
 13180 | D:11     | Reached skill level 9 in Conjurations
 13180 | D:11     | Reached skill level 9 in Hexes
 13180 | D:11     | Reached skill level 9 in Summonings
 13180 | D:11     | Reached skill level 9 in Necromancy
 13180 | D:11     | Reached skill level 9 in Translocations
 13180 | D:11     | Reached skill level 9 in Fire Magic
 13180 | D:11     | Reached skill level 9 in Ice Magic
 13180 | D:11     | Reached skill level 9 in Air Magic
 13180 | D:11     | Reached skill level 9 in Earth Magic
 13981 | D:11     | You are sucked into a shaft and drop 3 floors!
 14074 | D:14     | Found a corrupted altar of Lugonu.
 14094 | D:14     | Noticed a boulder beetle
 14463 | D:13     | Noticed a two-headed ogre
 14571 | D:14     | Noticed a centaur warrior
 14582 | D:14     | HP: 7/100 [centaur warrior/arrow (18)]
 14583 | D:14     | Killed a centaur warrior
 14584 | D:14     | Reached skill level 6 in Armour
 14584 | D:14     | Reached skill level 6 in Evocations
 14635 | D:14     | HP: 4/100 [cyclops (9)]
 14932 | D:14     | Killed a boulder beetle
 15081 | D:14     | Reached *** piety under Makhleb
 15130 | D:14     | Noticed a skeletal warrior
 15145 | D:14     | Noticed a skeletal warrior
 15162 | D:14     | Killed a skeletal warrior
 15292 | D:14     | Noticed an ogre mage
 15296 | D:14     | Noticed a two-headed ogre
 15300 | D:14     | Noticed a two-headed ogre
 15303 | D:14     | Noticed a centaur warrior
 15305 | D:14     | Killed an ogre mage
 15306 | D:14     | Reached XP level 13. HP: 31/105 MP: 0/0
 15306 | D:14     | Learned a level 5 spell: Freezing Cloud
 15308 | D:14     | Reached skill level 7 in Armour
 15308 | D:14     | Reached skill level 7 in Evocations
 15310 | D:14     | HP: 11/105 [centaur warrior/arrow (9)]
 15311 | D:14     | Shot with an arrow by a centaur warrior

Illustrated notes

Levels and vault maps discovered:
D:1:      wander_arrival_estate, layout_basic, serial_corexii_hall,
          corexii_hall_statues_i, corexii_hall_statues_s
D:2:      layout_rooms, basic_altar, serial_shops,
          nicolae_shop_just_a_little_nook, ebering_ecumenical_altar_webs
D:3:      layout_basic, kiku_gazebo_pond_becter, st_stairs_5, uniq_jessica,
          uniq_terence, uniq_sigmund
D:4:      layout_cave_pools, mainiacjoe_overflow_concentric_impassable,
          ebering_ghost_disaster_area, minmay_stone_trees_large,
          lemuel_flame_loot_1
D:5:      layout_basic, mainiacjoe_overflow_tiny_flanked,
          minmay_temple_entry_glassed_door, ebering_ghost_sewer_d,
          minmay_pentangle
D:6:      layout_basic, nicolae_zen_rock_garden, uniq_eustachio, uniq_maggie
D:7:      layout_loops_corners, evilmike_ruin_ashenzari, nicolae_letterblocks
          [nicolae_letter_subblock, nicolae_letter_subblock,
          nicolae_letter_subblock, nicolae_letter_subblock,
          nicolae_letter_subblock, nicolae_letter_subblock,
          nicolae_letter_subblock, nicolae_letter_subblock,
          nicolae_letter_subblock, nicolae_letter_subblock,
          nicolae_letter_subblock, nicolae_letter_subblock,
          nicolae_letter_subblock, nicolae_letter_subblock,
          nicolae_letter_subblock, nicolae_letter_subblock,
          nicolae_letter_subblock, nicolae_letter_subblock,
          nicolae_letter_subblock, nicolae_letter_subblock,
          nicolae_letter_subblock, nicolae_letter_subblock,
          nicolae_letter_subblock, nicolae_letter_subblock,
          nicolae_letter_subblock], uniq_maurice
D:8:      layout_rooms
D:9:      layout_rooms, kennysheep_orc_monster_closet_entryway
D:10:     layout_roguey, pf_just_have_faith, lemuel_tele_altar,
          old_standard_altar, nemelex_diamond_rough_becter, uniq_urug
D:11:     layout_long_grid, david_lair_shrubbed, enter_trove_6
D:13:     layout_small_grid, hellmonk_vaults_order_and_chaos
D:14:     layout_roguey, infiniplex_staircase_pool_1, tgw_lugonu_bribe
Temple:   dpeg_chambers_temple

Skill      XL: |  1  2  3  4  5  6  7  8  9 10 11 12 13 |
---------------+----------------------------------------+-----
Fighting       | 1 3 4 5 8 11 13 14 | 14.0
Spellcasting   | 4 5 6 7 8 9 |  9.8
Conjurations   | 4 5 6 7 8 9 |  9.8
Hexes          | 4 5 6 7 8 9 |  9.8
Summonings     | 4 5 6 7 8 9 |  9.8
Necromancy     | 4 5 6 7 8 9 |  9.8
Translocations | 4 5 6 7 8 9 |  9.8
Transmutations | 4 5 6 |  0.0
Fire Magic     | 4 5 6 7 8 9 |  9.8
Ice Magic      | 4 5 6 7 8 9 |  9.8
Air Magic      | 4 5 6 7 8 9 |  9.8
Earth Magic    | 4 5 6 7 8 9 |  9.8
Alchemy        | 4 5 6 10 11 | 11.7
Armour         | 3 6 7 |  7.4
Evocations     | 3 6 7 |  7.4
Dodging        | |  2.1
Stealth        | |  1.5

Action                     |  1- 3 |  4- 6 |  7- 9 | 10-12 | 13-15 || total
---------------------------+-------+-------+-------+-------+-------++-------
  Melee: Falchion          |     1 |       |     1 |       |       ||     2
         Dagger            |       |       |       |     7 |       ||     7
   Cast: Magic Dart        |    64 |    69 |   112 |   114 |       ||   359
         Searing Ray       |     1 |     3 |    39 |    61 |       ||   104
         Fulminant Prism   |       |     1 |    13 |    47 |       ||    61
         Iskenderun's Myst |       |       |     6 |    82 |     5 ||    93
         Mercury Vapours   |       |       |       |     5 |       ||     5
         Anguish           |       |       |       |     3 |       ||     3
         Metabolic Englaci |       |       |       |     1 |       ||     1
  Evoke: Wand              |       |       |       |     3 |     1 ||     4
         Condenser vane    |       |       |       |     1 |       ||     1
 Armour: Robe              |     9 |    21 |    58 |    66 |       ||   154
         Acid dragon scale |       |       |       |   109 |     2 ||   111
  Dodge: Dodged            |    11 |    11 |    59 |   121 |       ||   202

Table legend: (Time is in decaauts)
 A = Elapsed time spent in this place.
 B = Non-inter-level travel time spent in this place.
 C = Inter-level travel time spent in this place.
 D = Time resting spent in this place.
 E = Time spent auto-exploring this place.
 F = Levels seen in this place.
 G = Mean time per level.
                   A        B        C        D        E       F      G
               +--------+--------+--------+--------+--------+-----+--------+
         Total |  15337 |  14118 |   1219 |      0 |  12268 |  14 | 1095.5 |
       Dungeon |  15321 |  14109 |   1212 |      0 |  12268 |  13 | 1178.5 |
        Temple |     16 |      9 |      7 |      0 |      0 |   1 |   16.0 |
               +--------+--------+--------+--------+--------+-----+--------+

Top non-repeatable levels by time:
     D:7: 1767 daAuts
     D:6: 1613 daAuts
     D:5: 1510 daAuts
    D:10: 1398 daAuts
     D:8: 1368 daAuts
     D:9: 1367 daAuts
     D:4: 1188 daAuts
    D:14: 1186 daAuts
    D:11: 1095 daAuts
     D:3: 1057 daAuts
     D:1: 824 daAuts
     D:2: 799 daAuts
    D:13: 143 daAuts
  Temple: 16 daAuts

Levels and vault maps discovered:
D:1:      wander_arrival_estate, layout_basic, serial_corexii_hall,
          corexii_hall_statues_i, corexii_hall_statues_s
D:2:      layout_rooms, basic_altar, serial_shops,
          nicolae_shop_just_a_little_nook, ebering_ecumenical_altar_webs
D:3:      layout_basic, kiku_gazebo_pond_becter, st_stairs_5, uniq_jessica,
          uniq_terence, uniq_sigmund
D:4:      layout_cave_pools, mainiacjoe_overflow_concentric_impassable,
          ebering_ghost_disaster_area, minmay_stone_trees_large,
          lemuel_flame_loot_1
D:5:      layout_basic, mainiacjoe_overflow_tiny_flanked,
          minmay_temple_entry_glassed_door, ebering_ghost_sewer_d,
          minmay_pentangle
D:6:      layout_basic, nicolae_zen_rock_garden, uniq_eustachio, uniq_maggie
D:7:      layout_loops_corners, evilmike_ruin_ashenzari, nicolae_letterblocks
          [nicolae_letter_subblock, nicolae_letter_subblock,
          nicolae_letter_subblock, nicolae_letter_subblock,
          nicolae_letter_subblock, nicolae_letter_subblock,
          nicolae_letter_subblock, nicolae_letter_subblock,
          nicolae_letter_subblock, nicolae_letter_subblock,
          nicolae_letter_subblock, nicolae_letter_subblock,
          nicolae_letter_subblock, nicolae_letter_subblock,
          nicolae_letter_subblock, nicolae_letter_subblock,
          nicolae_letter_subblock, nicolae_letter_subblock,
          nicolae_letter_subblock, nicolae_letter_subblock,
          nicolae_letter_subblock, nicolae_letter_subblock,
          nicolae_letter_subblock, nicolae_letter_subblock,
          nicolae_letter_subblock], uniq_maurice
D:8:      layout_rooms
D:9:      layout_rooms, kennysheep_orc_monster_closet_entryway
D:10:     layout_roguey, pf_just_have_faith, lemuel_tele_altar,
          old_standard_altar, nemelex_diamond_rough_becter, uniq_urug
D:11:     layout_long_grid, david_lair_shrubbed, enter_trove_6
D:13:     layout_small_grid, hellmonk_vaults_order_and_chaos
D:14:     layout_roguey, infiniplex_staircase_pool_1, tgw_lugonu_bribe
Temple:   dpeg_chambers_temple

Table legend: (Time is in decaauts)
 A = Elapsed time spent in this place.
 B = Non-inter-level travel time spent in this place.
 C = Inter-level travel time spent in this place.
 D = Time resting spent in this place.
 E = Time spent auto-exploring this place.
 F = Levels seen in this place.
 G = Mean time per level.
                   A        B        C        D        E       F      G
               +--------+--------+--------+--------+--------+-----+--------+
         Total |  15337 |  14118 |   1219 |      0 |  12268 |  14 | 1095.5 |
       Dungeon |  15321 |  14109 |   1212 |      0 |  12268 |  13 | 1178.5 |
        Temple |     16 |      9 |      7 |      0 |      0 |   1 |   16.0 |
               +--------+--------+--------+--------+--------+-----+--------+

Top non-repeatable levels by time:
     D:7: 1767 daAuts
     D:6: 1613 daAuts
     D:5: 1510 daAuts
    D:10: 1398 daAuts
     D:8: 1368 daAuts
     D:9: 1367 daAuts
     D:4: 1188 daAuts
    D:14: 1186 daAuts
    D:11: 1095 daAuts
     D:3: 1057 daAuts
     D:1: 824 daAuts
     D:2: 799 daAuts
    D:13: 143 daAuts
  Temple: 16 daAuts

Table legend:
 A = Kills in this place as a percentage of kills in the entire game.
 B = Kills by you in this place as a percentage of kills by you in the entire game.
 C = Kills by friends in this place as a percentage of kills by friends in the entire game.
 D = Other kills in this place as a percentage of other kills in the entire game.
 E = Experience gained in this place as a percentage of experience gained in the entire game.
 F = Experience gained in this place divided by the number of levels of this place that you have seen.
                   A       B       C       D       E      F
               +-------+-------+-------+-------+-------+----------------------
         Total | 100.0 | 100.0 |   N/A |   N/A | 100.0 | 2157.8
       Dungeon | 100.0 | 100.0 |   N/A |   N/A | 100.0 | 2323.8
               +-------+-------+-------+-------+-------+----------------------
